 Dungeon Crawl Stone Soup version 0.29-a0-553-g81b289dbe5 (webtiles) character file.

Game seed: 12528050338855252160

28 dbhg the Ducker (level 2, -2/24 HPs)
             Began as a Demigod Gladiator on June 6, 2022.
             Slain by Jessica
             ... wielding a +0 club
              (4 damage)
             ... on level 2 of the Dungeon.
             The game lasted 00:05:21 (532 turns).

dbhg the Ducker (Demigod Gladiator)                  Turns: 532, Time: 00:05:22

Health: -2/24      AC:  4    Str: 15    XL:     2   Next: 78%
Magic:  4/4        EV: 12    Int: 10    God:
Gold:   37         SH:  0    Dex: 15    Spells: 1/1 levels left

rFire   . . .      SeeInvis .   a - +2 spear (vorpal)
rCold   . . .      Faith    .   (no shield)
rNeg    . . .      Spirit   .   b - +0 leather armour
rPois   .          Reflect  .   c - +0 helmet
rElec   .          Harm     .   (no cloak)
rCorr   .          Rampage  .   (no gloves)
Will    .....                   (no boots)
Stlth   +.........              (no amulet)
HPRegen 0.08/turn               (no ring)
MPRegen 0.09/turn               (no ring)

@: no status effects
A: high MP 1, forlorn, divine attributes
a: no special abilities


You were on level 2 of the Dungeon.
You visited 1 branch of the dungeon, and saw 2 of its levels.

You collected 37 gold pieces.

Inventory:

Hand Weapons
 a - a +2 vorpal spear (weapon)
 f - a +0 war axe
Missiles
 d - 3 throwing nets (quivered)
 e - a javelin
 h - 6 poisoned darts
Armour
 b - a +0 leather armour (worn)
 c - a +0 helmet (worn)
 g - a +0 robe
Potions
 j - a potion of haste {unknown}


   Skills:
 + Level 1.9 Fighting
 + Level 3.1 Axes
 + Level 1.8 Throwing
 + Level 3.2 Dodging
 + Level 0.2 Stealth


You had one spell level left.
You didn't know any spells.
Your spell library contained the following spells:

 Spells                   Type           Power      Damage    Failure   Level
 Magic Dart               Conj           0%         1d3       43%         1
 Sting                    Tmut/Pois      0%         1d3       43%         1
 Poisonous Vapours        Pois/Air       0%         N/A       56%         2
 Searing Ray              Conj           0%         2d4       56%         2
 Dazzling Flash           Conj/Hex       0%         N/A       80%         3
 Fulminant Prism          Conj/Hex       0%         3d6       99%         4
 Olgreb's Toxic Radiance  Pois           0%         N/A       99%         4
 Agony                    Necr           0%         N/A       100%        5
 Silence                  Hex/Air        0%         N/A       100%        5


Dungeon Overview and Level Annotations

Branches:
Dungeon (2/15)

Annotations:
D:2 Jessica


Innate Abilities, Weirdness & Mutations

You have an increased reservoir of magic. (+10% MP)
You shall have no god before yourself.
Your divine heritage dramatically boosts your attributes as you level up.


Message History

Found a helmet and 24 stones.
Found a stone staircase leading up and a stone staircase leading down.
There is a stone staircase leading up here.
The kobold hits you with a +0 dagger.
Jessica the Apprentice Sorceress comes into view.
She is wielding a +0 club.
You closely miss the goblin. The kobold completely misses you.
The goblin hits you but does no damage. The hobgoblin barely misses you.
Jessica shouts!
You hit the goblin.
You kill the goblin!
The kobold hits you with a +0 dagger.
The hobgoblin hits you but does no damage.
You hit the kobold.
You kill the kobold!
Jessica casts a spell.
Jessica seems to speed up.
The hobgoblin misses you.
The hobgoblin hits you but does no damage.
Things that are here:
a +0 dagger; a kobold corpse You barely miss the hobgoblin.
Jessica gestures at you while chanting. Pain shoots through your body!
Ouch! That really hurt!
* * * LOW HITPOINT WARNING * * *
The hobgoblin barely misses you.
You hit the hobgoblin.
The hobgoblin is severely wounded.
The hobgoblin hits you but does no damage.
You hit the hobgoblin.
You kill the hobgoblin!
Jessica hits you with a +0 club.
* * * LOW HITPOINT WARNING * * *
A hobgoblin comes into view.
Jessica points at you and mumbles some strange words.
Pain shoots through your body!
* * * LOW HITPOINT WARNING * * *
It was a potion of cancellation.
You feel magically purged.
The hobgoblin shouts!
Jessica hits you with a +0 club.
You die...

##### ###
##...##...##
##.<..>.....#
#...<@@......
#...)†..[....
#............
##........(.g
##...##.....
##### ###.. .


You could see Jessica (fast) and a hobgoblin.

Vanquished Creatures
  A bat (D:1)
  5 endoplasms (D:1)
  A giant cockroach (D:1)
  3 goblins
  4 hobgoblins
  A quokka (D:1)
  4 ball pythons (D:1)
  A kobold (D:2)
  3 rats (D:1)
23 creatures vanquished.

Notes
Turn   | Place    | Note
-------+----------+-------------------------------------------
     0 | D:1      | dbhg the Demigod Gladiator began the quest for the Orb.
     0 | D:1      | Reached XP level 1. HP: 17/17 MP: 3/3
   161 | D:1      | Reached XP level 2. HP: 13/24 MP: 4/4
   524 | D:2      | Noticed Jessica
   531 | D:2      | HP: 1/24 [Jessica/nerve-wracking pain (2)]
   532 | D:2      | Slain by Jessica

Illustrated notes

Levels and vault maps discovered:
D:1:      eino_arrival_water_star, layout_rooms, st_stairs_4
D:2:      layout_rooms, serial_shops, shop, dilly_ecumenical_altar_fadedgnrine,
          uniq_jessica, uniq_robin

Skill      XL: |  1 |
---------------+----+-----
Axes           | 3 |  3.1
Dodging        | 3 |  3.2
Fighting       | |  1.9
Throwing       | |  1.8
Stealth        | |  0.2

Action                   || total
-------------------------++-------
Melee: War axe           ||    14
       Spear             ||    34
       Punch             ||     2
  Use: Scroll            ||     4
       Potion            ||     1
Armor: Leather armour    ||    24
Dodge: Dodged            ||    41

Table legend: (Time is in decaauts)
 A = Elapsed time spent in this place.
 B = Non-inter-level travel time spent in this place.
 C = Inter-level travel time spent in this place.
 D = Time resting spent in this place.
 E = Time spent auto-exploring this place.
 F = Levels seen in this place.
 G = Mean time per level.
                   A        B        C        D        E       F      G
               +--------+--------+--------+--------+--------+-----+--------+
         Total |    539 |    539 |      0 |      0 |      0 |   2 |  269.5 |
       Dungeon |    539 |    539 |      0 |      0 |      0 |   2 |  269.5 |
               +--------+--------+--------+--------+--------+-----+--------+

Top non-repeatable levels by time:
     D:1: 529 daAuts
     D:2: 9 daAuts
